 Dungeon Sprint DCSS version 0.29.1-15-g9cfb28693d (webtiles) character file.

Game seed: 584074919098955251

90 Groucho the Sneak (level 4, -2/21 HPs)
             Began as a Spriggan Earth Elementalist on Mar 18, 2023.
             Was a Believer of Dithmenos.
             Slain by a fire bat (9 damage)
             ... in the Dungeon (Sprint VII: "The Pits").
             The game lasted 00:02:54 (1220 turns).

Groucho the Sneak (Spriggan Earth Elementalist)     Turns: 1220, Time: 00:02:55

Health: -2/21      AC:  2    Str:  6    XL:     4   Next: 32%
Magic:  8/11       EV: 19    Int: 16    God:    Dithmenos [**....]
Gold:   0          SH:  0    Dex: 15    Spells: 11/12 levels left

rFire   . . .      SeeInvis +   h - +2 dagger
rCold   . . .      Faith    .   (no shield)
rNeg    . . .      Spirit   .   a - +0 robe
rPois   .          Reflect  .   (helmet restricted)
rElec   .          Harm     .   (no cloak)
rCorr   .          Rampage  .   (gloves unavailable)
Will    .....      NoTele   +   (boots unavailable)
Stlth   ++++......              (no amulet)
HPRegen 0.07/turn               (no ring)
MPRegen 0.12/turn               (no ring)

@: wreathed by umbra, very quick
A: very small, no large weapons, unfitting armour, see invisible, speed 3
a: Renounce Religion, Shadow Step


You were in the Dungeon.
You worshipped Dithmenos.
Dithmenos was pleased with you.
You visited 1 branch

Inventory:

Hand Weapons
 h - a +2 dagger (weapon)
Missiles
 l - 10 stones
Armour
 a - a +0 robe (worn)
Scrolls
 g - a scroll of blinking
 j - 5 scrolls of amnesia
 k - a scroll of summoning
Potions
 b - 5 potions of magic
 c - 6 potions of curing
 d - 6 potions of heal wounds
 e - a potion of haste
 f - 2 potions of berserk rage
 i - 2 potions of invisibility


   Skills:
 + Level 0.8 Short Blades
 + Level 4.7 Dodging
 * Level 6.4 Stealth
 + Level 4.5 Spellcasting
 * Level 3.0 Conjurations
 - Level 1.3 Transmutations
 * Level 4.8 Earth Magic
 + Level 0.6 Invocations


You had 11 spell levels left.
You knew the following spells:

 Your Spells              Type           Power      Damage    Failure   Level
a - Sandblast             Erth           38%        2d10      2%          1

Your spell library contained the following spells:

 Spells                   Type           Power      Damage    Failure   Level
 Passwall                 Tmut/Erth      10%        N/A       7%          2
 Stone Arrow              Conj/Erth      32%        3d9       10%         3
 Petrify                  Tmut/Erth      13%        N/A       41%         4


Dungeon Overview and Level Annotations

Branches:
Dungeon (1/1)

Altars:
Ashenzari
Cheibriados
Dithmenos
Elyvilon
Fedhas
Gozag
Hepliaklqana
Kikubaaqudgha
Makhleb
Nemelex Xobeh
Okawaru
Qazlal
Ru
Sif Muna
Trog
Uskayaw
Vehumet
Wu Jian
Xom
Yredelemnul
Zin
The Shining One
Jiyva
Lugonu


Innate Abilities, Weirdness & Mutations

You are very small and have problems with some larger weapons.
You are too small for most types of armour.
You have supernaturally acute eyesight. (SInv)
You cover ground extremely quickly. (Speed+++)


Message History

You see here a +0 vorpal trident.
There is an open door here.
There is an open door here.
There is an open door here.
There is an open door here.
As you open the door, it creaks loudly!
There is an open door here.
You open the door. 2 jackals and a fire bat come into view.
There is an open door here.
The jackal barks! x2; You hear a howl!
You hear a bark!
A jackal comes into view.
There is an open door here.
Casting: Sandblast (safe; 2% risk of failure)
Confirm with . or Enter, or press ? or * to list all spells.
Aiming: Sandblast (safe; 2% risk of failure)
Press: ? - help, Shift-Dir - straight line, f - fire bat
Aim: a fire bat (73% to hit)
The blast of sand misses the fire bat.
The fire bat misses you.
Casting: Sandblast (safe; 2% risk of failure)
Confirm with . or Enter, or press ? or * to list all spells.
Aiming: Sandblast (safe; 2% risk of failure)
Press: ? - help, Shift-Dir - straight line, f/p - fire bat
Aim: a fire bat (umbra, 73% to hit)
The blast of sand hits the fire bat.
The fire bat is lightly wounded.
The fire bat completely misses you. The fire bat bites you.
You are engulfed in flames!
Unknown command.
Casting: Sandblast (safe; 2% risk of failure)
Confirm with . or Enter, or press ? or * to list all spells.
Aiming: Sandblast (safe; 2% risk of failure)
Press: ? - help, Shift-Dir - straight line, f/p - fire bat
Aim: a fire bat (lightly wounded, umbra, 73% to hit)
The blast of sand hits the fire bat.
The fire bat is moderately wounded.
The fire bat misses you. The fire bat completely misses you.
An ufetubus comes into view.
The fire bat bites you.
You are engulfed in flames!
You die...

##########.##.....
#...........'.....
#'#####'#####.....
#.#..#..#).##.....
#.#รท.)..'.)#####'#
#.##'####'###.....
#.#........##.....
#.#........##.....
#@#####'#####...<.
#b#...)))[.##.....
#h#...)))[.##.....
#h###########.....
#h...h..# ######
#.###hh.# #5# .#
#.# #..


You could see a fire bat, an ufetubus and 3 jackals.

Vanquished Creatures
  A scorpion (D)
  A gnoll (D)
  An adder (D)
  A worm (D)
  An endoplasm (D)
  2 goblins (D)
  A hobgoblin (D)
  A bat (D)
  A frilled lizard (D)
10 creatures vanquished.

Notes
Turn   | Place    | Note
-------+----------+-------------------------------------------
     0 | D        | Groucho the Spriggan Earth Elementalist began the quest for
                  | the Orb.
     0 | D        | Reached XP level 1. HP: 9/9 MP: 5/5
    21 | D        | Reached skill level 1 in Conjurations
    21 | D        | Reached XP level 2. HP: 13/13 MP: 2/7
   401 | D        | Found a bloodstained altar of Trog.
   401 | D        | Found a shimmering blue altar of Sif Muna.
   401 | D        | Found a viscous altar of Jiyva.
   401 | D        | Found a hazy altar of Hepliaklqana.
   401 | D        | Found an opulent altar of Gozag.
   402 | D        | Found a glowing golden altar of the Shining One.
   402 | D        | Found a glowing silver altar of Zin.
   402 | D        | Found a basalt altar of Yredelemnul.
   402 | D        | Found a shimmering altar of Xom.
   402 | D        | Found an ornate altar of the Wu Jian Council.
   402 | D        | Found a sacrificial altar of Ru.
   402 | D        | Found a stormy altar of Qazlal.
   402 | D        | Found an iron altar of Okawaru.
   402 | D        | Found a sparkling altar of Nemelex Xobeh.
   402 | D        | Found a burning altar of Makhleb.
   402 | D        | Found a blossoming altar of Fedhas.
   402 | D        | Found a white marble altar of Elyvilon.
   402 | D        | Found a shadowy altar of Dithmenos.
   402 | D        | Found a snail-covered altar of Cheibriados.
   404 | D        | Found a radiant altar of Vehumet.
   404 | D        | Found a corrupted altar of Lugonu.
   405 | D        | Found a hide-covered altar of Uskayaw.
   405 | D        | Found an ancient bone altar of Kikubaaqudgha.
   405 | D        | Found a broken altar of Ashenzari.
   416 | D        | Became a worshipper of Dithmenos the Shadowed
   428 | D        | Noticed a scorpion
   485 | D        | Killed a scorpion
   486 | D        | Reached skill level 5 in Stealth
   486 | D        | Reached XP level 3. HP: 12/16 MP: 1/9
   486 | D        | Reached XP level 4. HP: 16/21 MP: 1/11
   899 | D        | Reached skill level 6 in Stealth
   909 | D        | Reached * piety under Dithmenos
   921 | D        | Reached ** piety under Dithmenos
  1212 | D        | Noticed a fire bat
  1220 | D        | Slain by a fire bat

Illustrated notes

Levels and vault maps discovered:
D:        pitsprint [storerooms_1, entrance_room_1, metal_vault_4, armoury_3,
          mini_pit_1, grid_room_1, main_hall_1, silver_pit, the_coven_1,
          the_vestibule_1, steel_vault_2, golden_pit, hallway_of_sentries,
          crystal_vault_1, iron_vault_3, final_vault]

Skill      XL: |  1  2  3  4 |
---------------+-------------+-----
Dodging        | 3 4 |  4.7
Spellcasting   | 3 4 |  4.5
Conjurations   | 1 2 3 |  3.0
Earth Magic    | 3 4 |  4.8
Stealth        | 5 6 |  6.4
Short Blades   | |  0.8
Transmutations | |  1.3
Invocations    | |  0.6

Action                   |  1- 3 |  4- 6 || total
-------------------------+-------+-------++-------
Melee: Dagger            |     2 |     4 ||     6
 Cast: Sandblast         |    12 |     8 ||    20
  Use: Potion            |     1 |       ||     1
 Stab: Sleeping          |       |     4 ||     4
Dodge: Dodged            |     9 |     4 ||    13
